 Dungeon Crawl Stone Soup version 0.29-a0-885-gb26ba3297d (webtiles) character file.

Game seed: 8585200802666209818

832 xian the Conjurer (level 7, 0/47 HPs)
             Began as a Demonspawn Conjurer on July 20, 2022.
             Slain by a gnoll sergeant
             ... wielding a +3 spear of freezing
              (9 damage)
             ... on level 6 of the Dungeon.
             The game lasted 00:19:47 (6191 turns).

xian the Conjurer (Demonspawn Conjurer)             Turns: 6191, Time: 00:19:48

Health: 0/47       AC:  7    Str:  7    XL:     7   Next: 65%
Magic:  10/13      EV: 16    Int: 28    God:
Gold:   192        SH:  0    Dex: 11    Spells: 11/14 levels left

rFire   . . .      SeeInvis .   d - +1 dagger
rCold   . . .      Faith    .   y - orb {light}
rNeg    . . .      Spirit   .   p - +0 leather armour
rPois   .          Reflect  .   c - +0 helmet
rElec   .          Harm     .   (no cloak)
rCorr   .          Rampage  .   (no gloves)
Will    .....                   (no boots)
Stlth   +.........              (no amulet)
HPRegen 1.15/turn               z - +6 ring of intelligence
MPRegen 0.13/turn               u - +4 ring of evasion

@: glowing
A: thin metallic scales 2, demonic guardian 2, powered by death 1
a: no special abilities


You were on level 6 of the Dungeon.
You visited 1 branch of the dungeon, and saw 6 of its levels.

You collected 192 gold pieces.

Inventory:

Hand Weapons
 d - a +1 dagger (weapon)
Armour
 c - a +0 helmet (worn)
 p - a +0 leather armour (worn)
 y - an orb of light (worn)
Jewellery
 u - a +4 ring of evasion (right hand)
 z - a +6 ring of intelligence (left hand)
Wands
 k - a wand of flame (14)
Scrolls
 a - a scroll of brand weapon {unknown}
 f - a scroll of fear
 g - a scroll of magic mapping {unknown}
 j - a scroll of noise {unknown}
 l - a scroll of fog {unknown}
 m - a scroll of vulnerability {unknown}
 n - a scroll of enchant armour {unknown}
 o - a scroll of enchant weapon
 r - 2 scrolls of teleportation
 t - a scroll of identify {unknown}
 x - a scroll of amnesia {unknown}
Potions
 e - 5 potions of curing {unknown}
 h - 3 potions of might {unknown}
 q - 4 potions of brilliance {unknown}
 s - a potion of ambrosia {unknown}
 v - a potion of berserk rage {unknown}
 w - a potion of lignification {unknown}


   Skills:
 + Level 0.8 Fighting
 + Level 0.2 Short Blades
 + Level 2.5 Armour
 + Level 3.3 Dodging
 + Level 3.2 Stealth
 + Level 4.4 Spellcasting
 + Level 6.2 Conjurations
 + Level 0.8 Evocations


You had 11 spell levels left.
You knew the following spells:

 Your Spells              Type           Power      Damage    Failure   Level
a - Magic Dart            Conj           100%       1d8       1%          1
b - Searing Ray           Conj           82%        2d7       1%          2

Your spell library contained the following spells:

 Spells                   Type           Power      Damage    Failure   Level
 Static Discharge         Conj/Air       23%        3-6/arc   4%          2
 Dazzling Flash           Conj/Hex       46%        N/A       9%          3
 Fulminant Prism          Conj/Hex       11%        3d9       28%         4
 Iskenderun's Mystic Bla  Conj/Tloc      23%        2d6       28%         4
 Lightning Bolt           Conj/Air       11%        1d24      63%         5
 Maxwell's Capacitive Co  Air            3%         ∞         100%        8


Dungeon Overview and Level Annotations

Branches:
Dungeon (5/15)
 Temple: D:4-7

Altars:

Annotations:
D:6 1 transporter


Innate Abilities, Weirdness & Mutations

You are mostly covered in thin metallic scales. (AC +3)
A demonic guardian rushes to your aid.
You regenerate a little health from kills.


Message History

Aiming: Searing Ray (safe; 1% risk of failure)
Press: ? - help, Shift-Dir - straight line The searing ray hits the gnoll sergeant!
The gnoll sergeant is moderately wounded. (Press . to maintain the ray.)
The searing ray hits the gnoll sergeant!
The gnoll sergeant is severely wounded.
The searing ray misses the gnoll.
The gnoll sergeant completely misses you.
The searing ray hits the gnoll sergeant.
The gnoll sergeant is almost dead.
The searing ray hits the gnoll.
The gnoll is moderately wounded.
The searing ray hits the gnoll.
The gnoll is moderately wounded.
The gnoll sergeant hits you from afar with a +3 spear of freezing.
The gnoll sergeant freezes you. Magic courses through your body.
The gnoll sergeant barely misses you.
Casting: Searing Ray (safe; 1% risk of failure)
Confirm with . or Enter, or press ? or * to list all spells.
Aiming: Searing Ray (safe; 1% risk of failure)
Press: ? - help, Shift-Dir - straight line, f - gnoll
Aim: a gnoll, wielding a +0 whip (moderately wounded, 84% to hit)
The searing ray hits the gnoll sergeant but does no damage.
The gnoll sergeant is almost dead.
The searing ray hits the gnoll.
The gnoll is heavily wounded.
The searing ray hits the gnoll!
You kill the gnoll! (Press . to maintain the ray.)
The gnoll sergeant hits you from afar with a +3 spear of freezing!
* * * LOW HITPOINT WARNING * * *
A demonic guardian appears!
The gnoll sergeant freezes you.
* * * LOW HITPOINT WARNING * * *
The searing ray hits the gnoll sergeant but does no damage.
The gnoll sergeant is almost dead.
The searing ray hits the gnoll!
You kill the gnoll!
The gnoll sergeant hits you from afar with a +3 spear of freezing!
You die...

##............
.............
.##...........
#.?..........
#..........#
#..........#
.......4...#
.......@# ......#)#
..... ..... #g#
....... .... #)#
........
#######)####.........
#......##.........
##.................
#............#.....
#............#.....


You could see a gnoll sergeant (ally target) and a friendly hellwing (summoned).

Vanquished Creatures
  Sigmund (D:2)
  An ice beast (D:6)
  An ogre (D:6)
  3 scorpions (D:5)
  2 hounds
  A gnoll bouda (D:4)
  Jessica (D:2)
  A mummy (D:4)
  5 gnolls
  3 adders
  2 shadow imps
  A worm (D:3)
  2 dart slugs (D:2)
  5 orcs
  7 ball pythons
  7 bats
  7 endoplasms
  A giant cockroach (D:4)
  5 goblins
  9 hobgoblins
  3 jackals (D:4)
  9 kobolds
  2 quokkas
  4 frilled lizards
  A hobgoblin zombie (D:4)
  2 kobold zombies (D:4)
  An orc zombie (D:4)
  4 rats
91 creatures vanquished.

Vanquished Creatures (collateral kills)
  A gnoll (D:3)
  A frilled lizard (D:3)
  A rat (D:3)
3 creatures vanquished.

Grand Total: 94 creatures vanquished

Notes
Turn   | Place    | Note
-------+----------+-------------------------------------------
     0 | D:1      | xian the Demonspawn Conjurer began the quest for the Orb.
     0 | D:1      | Reached XP level 1. HP: 13/13 MP: 3/3
   319 | D:1      | Gained mutation: A weak demonic guardian rushes to your
                  | aid. [demonic ancestry]
   319 | D:1      | Reached XP level 2. HP: 15/19 MP: 1/5
   599 | D:1      | Learned a level 2 spell: Searing Ray
  1245 | D:2      | Noticed Jessica
  1247 | D:2      | Killed Jessica
  1248 | D:2      | Reached XP level 3. HP: 23/24 MP: 2/6
  1328 | D:2      | Noticed Sigmund
  1883 | D:3      | Gained mutation: You regenerate a little health from kills.
                  | [demonic ancestry]
  1883 | D:3      | Reached XP level 4. HP: 30/30 MP: 1/7
  2314 | D:3      | Reached skill level 5 in Conjurations
  3527 | D:2      | Killed Sigmund
  3528 | D:2      | Gained mutation: You are partially covered in thin metallic
                  | scales. (AC +2) [demonic ancestry]
  3528 | D:2      | Reached XP level 5. HP: 26/35 MP: 0/10
  3528 | D:2      | Gained mutation: A demonic guardian rushes to your aid.
                  | [demonic ancestry]
  3528 | D:2      | Reached XP level 6. HP: 30/41 MP: 0/11
  4734 | D:4      | Reached skill level 1 in Armour
  5514 | D:5      | Entered Level 5 of the Dungeon
  5653 | D:5      | Gained mutation: You are mostly covered in thin metallic
                  | scales. (AC +3) [demonic ancestry]
  5653 | D:5      | Reached XP level 7. HP: 42/47 MP: 3/13
  5862 | D:5      | Reached skill level 6 in Conjurations
  6162 | D:5      | You fall into a shaft and drop 1 floor!
  6163 | D:6      | Found a transporter.
  6191 | D:6      | Slain by a gnoll sergeant

Illustrated notes

Levels and vault maps discovered:
D:1:      spicycebolla_arrival_ecumenical, layout_loops_corners
D:2:      minmay_general_purpose_star, layout_basic,
          kennysheep_decorative_pillar, uniq_jessica, uniq_sigmund
D:3:      layout_basic
D:4:      layout_layer_cave, minmay_mini_ossuary
D:5:      layout_cave_pods, hangedman_glass_teeth, uniq_eustachio
D:6:      layout_basic, grunt_dithmenos_smoke_and_mirrors,
          gammafunk_ghost_stat_death, kennysheep_flooded_box,
          nicolae_shop_unique_rings, chequers_garden, uniq_pikel

Skill      XL: |  1  2  3  4  5  6  7 |
---------------+----------------------+-----
Dodging        | 2 3 |  3.3
Stealth        | 2 3 |  3.2
Conjurations   | 5 6 |  6.2
Spellcasting   | 3 4 |  4.4
Armour         | 1 2 |  2.5
Fighting       | |  0.8
Short Blades   | |  0.2
Evocations     | |  0.8

Action                   |  1- 3 |  4- 6 |  7- 9 || total
-------------------------+-------+-------+-------++-------
Melee: Unarmed           |     3 |       |       ||     3
       Dagger            |    14 |    15 |       ||    29
       Punch             |       |     1 |       ||     1
 Cast: Magic Dart        |    57 |    85 |     2 ||   144
       Searing Ray       |     3 |    13 |    10 ||    26
Evoke: Wand              |       |     2 |       ||     2
  Use: Scroll            |       |     3 |       ||     3
       Potion            |       |       |     1 ||     1
Armor: Robe              |     4 |     3 |       ||     7
       Leather armour    |       |    15 |     6 ||    21
Dodge: Dodged            |    12 |    53 |    10 ||    75

Table legend: (Time is in decaauts)
 A = Elapsed time spent in this place.
 B = Non-inter-level travel time spent in this place.
 C = Inter-level travel time spent in this place.
 D = Time resting spent in this place.
 E = Time spent auto-exploring this place.
 F = Levels seen in this place.
 G = Mean time per level.
                   A        B        C        D        E       F      G
               +--------+--------+--------+--------+--------+-----+--------+
         Total |   6188 |   6089 |     99 |    394 |   5053 |   6 | 1031.3 |
       Dungeon |   6188 |   6089 |     99 |    394 |   5053 |   6 | 1031.3 |
               +--------+--------+--------+--------+--------+-----+--------+

Top non-repeatable levels by time:
     D:3: 1558 daAuts
     D:4: 1509 daAuts
     D:2: 1244 daAuts
     D:1: 1200 daAuts
     D:5: 645 daAuts
     D:6: 28 daAuts
